 Dungeon Crawl Stone Soup version 0.29.1-13-g9f3cf754e1 (webtiles) character file.

Game seed: 4521493521990571478

9615 zeram the Unseen (level 11, 0/47 HPs)
             Began as a Spriggan Enchanter on Jan 23, 2023.
             Was an Initiate of Gozag.
             Shot with a bolt by an orc warrior (17 damage)
             ... on level 2 of the Orcish Mines.
             The game lasted 00:36:09 (16175 turns).

zeram the Unseen (Spriggan Enchanter)              Turns: 16175, Time: 00:36:09

Health: 0/47       AC:  6    Str:  4    XL:     11   Next: 25%
Magic:  19/25      EV: 25    Int: 21    God:    Gozag
Gold:   2193       SH:  5    Dex: 16    Spells: 21/29 levels left

rFire   . . .      SeeInvis +   m - +5 dagger (holy)
rCold   . . .      Faith    .   (no shield)
rNeg    . . .      Spirit   .   g - +2 robe {Will+}
rPois   .          Reflect  +   (helmet restricted)
rElec   .          Harm     .   F - +1 cloak
rCorr   .          Rampage  .   (gloves unavailable)
Will    ++...                   (boots unavailable)
Stlth   ++++++....              q - amulet of reflection
HPRegen 0.15/turn               j - +4 ring of evasion
MPRegen 0.19/turn               (no ring)

@: gold aura, very quick
A: very small, no large weapons, unfitting armour, see invisible, speed 3
a: Renounce Religion, Potion Petition, Call Merchant, Bribe Branch


You were on level 2 of the Orcish Mines.
You worshipped Gozag.
Gozag was most pleased with you.
You visited 2 branches of the dungeon, and saw 11 of its levels.

You collected 2654 gold pieces.
You spent 412 gold pieces at shops.
You paid 49 gold pieces to Gozag.

Inventory:

Hand Weapons
 a - a +1 dagger
 k - a +3 dagger of flaming
 m - a +5 dagger of holy wrath (weapon)
Missiles
 r - 2 throwing nets (quivered)
Armour
 b - a +1 robe
 g - a +2 robe of willpower (worn)
 F - a +1 cloak (worn)
Jewellery
 j - a +4 ring of evasion (left hand)
 q - an amulet of reflection (around neck)
 B - a +4 ring of protection
Wands
 c - a wand of roots (11)
 o - a wand of flame (10)
 A - a wand of polymorph (10)
Scrolls
 e - a scroll of immolation
 i - 2 scrolls of magic mapping
 p - a scroll of amnesia
 s - a scroll of fear
 u - 2 scrolls of summoning
 v - a scroll of brand weapon
 y - 2 scrolls of identify
 G - a scroll of butterflies
Potions
 d - 7 potions of mutation
 f - 2 potions of attraction
 h - 2 potions of invisibility
 l - 7 potions of curing
 n - a potion of flight
 t - 2 potions of lignification
 w - 2 potions of heal wounds
 x - a potion of berserk rage
 z - a potion of brilliance
 C - 2 potions of haste
 E - a potion of cancellation


   Skills:
 + Level 6.9 Short Blades
 + Level 7.4 Dodging
 + Level 15.5 Stealth
 - Level 0.1 Shields
 + Level 9.8 Spellcasting
 + Level 9.5 Hexes
 + Level 4.6 Ice Magic
 + Level 1.4 Evocations


You had 21 spell levels left.
You knew the following spells:

 Your Spells              Type           Power      Damage    Failure   Level
a - Ensorcelled Hibernat  Hex/Ice        80%        N/A       1%          2
b - Tukima's Dance        Hex            50%        N/A       1%          3
c - Vampiric Draining     Necr           10%        2d6       21%         3

Your spell library contained the following spells:

 Spells                   Type           Power      Damage    Failure   Level
 Confusing Touch          Hex            50%        N/A       1%          3
 Dazzling Flash           Conj/Hex       60%        N/A       2%          3
 Necrotise                Necr           40%        1d6       7%          1
 Passwall                 Tmut/Erth      8%         N/A       10%         2
 Sublimation of Blood     Necr           10%        N/A       10%         2
 Conjure Flame            Conj/Fire      10%        6-21      21%         3
 Ignite Poison            Fire/Tmut/Pois 10%        N/A       21%         3
 Swiftness                Air            10%        N/A       21%         3
 Petrify                  Tmut/Erth      10%        N/A       54%         4
 Sticky Flame             Conj/Fire      10%        2d3       54%         4
 Agony                    Necr           10%        N/A       88%         5
 Irradiate                Conj/Tmut      5%         3d13      88%         5


Dungeon Overview and Level Annotations

Branches:
Dungeon (9/15)             Temple (0/1) D:5             Orc (2/2) D:9
    Elf (0/3) Orc:2
   Lair: D:8-11

Altars:
Gozag
Kikubaaqudgha
Qazlal
Ru
Zin
The Shining One

Shops:
D:2 =   D:4 *   D:5 *   Orc:2 *

Annotations:
D:4 2 transporters, SirLogeyBear's ghost, novice HOBe


Innate Abilities, Weirdness & Mutations

You are very small and have problems with some larger weapons.
You are too small for most types of armour.
You have supernaturally acute eyesight. (SInv)
You cover ground extremely quickly. (Speed+++)


Message History

An orc priest is nearby!
An orc priest is nearby!
An orc priest is nearby!
An orc priest is nearby!
There is an open door here.
Things that are here:
a +0 scale mail; a +0 flail The orc warrior shouts!
The orc priest shouts! x2
You hit the orc priest.
The orc priest is lightly wounded.
The orc priest closely misses you.
The orc warrior unwields a +0 scimitar.
The orc warrior wields a +0 arbalest.
The orc warrior shoots a bolt.
The bolt closely misses you.
Casting: Ensorcelled Hibernation (safe; 1% risk of failure)
Confirm with . or Enter, or press ? or * to list all spells.
Aiming: Ensorcelled Hibernation (safe; 1% risk of failure)
Press: ? - help, Shift-Dir - straight line, f - orc priest
Aim: an orc priest, wielding a +0 club and wearing a +0 leather armour (lightly wounded, chance to affect: 66%)
The orc priest resists with significant effort.
The orc priest invokes the aid of Beogh against you.
Beogh smites you!
The orc warrior shoots a bolt.
The bolt hits you!!
Casting: Ensorcelled Hibernation (safe; 1% risk of failure)
Confirm with . or Enter, or press ? or * to list all spells.
Aiming: Ensorcelled Hibernation (safe; 1% risk of failure)
Press: ? - help, Shift-Dir - straight line, f/p - orc priest
Aim: an orc priest, wielding a +0 club and wearing a +0 leather armour (lightly wounded, chance to affect: 66%)
The orc priest looks drowsy...
The helpless orc priest fails to defend itself.
You spit the orc priest like a pig!!!!
You kill the orc priest!
The orc priest misses you.
Casting: Ensorcelled Hibernation (safe; 1% risk of failure)
Confirm with . or Enter, or press ? or * to list all spells.
Aiming: Ensorcelled Hibernation (safe; 1% risk of failure)
Press: ? - help, Shift-Dir - straight line, f - orc priest
Aim: an orc priest, wielding a +0 trident (chance to affect: 66%)
The orc priest resists with significant effort.
The orc warrior shoots a bolt.
The bolt hits you!
You die...
Your body crumbles into a pile of gold.

#.#####.#......#
#.............##
#############....>...##
##....))### ##.##...###
##..#####..####.........#
#..##...##..#..#..##'#.##
#.##.....##.......#).#.#
#.#....o.$#.......#))#.#
#.#∩._8o.@#.....).#..#.#
#.#......$'..#...[#_8#.#
#.##.....##....)))####.#
#..##...##.............#
##..#####.........######
##.............#..## #
#....#........##...###.##
##.............#.........#
##..#'##.....#.#.........##


You could see an orc warrior and an orc priest.

Vanquished Creatures
  Erica (D:8)
  Pikel (D:4)
  Joseph (D:7)
  An unseen horror (D:9)
  A hornet (D:8)
  3 trolls
  A queen bee (D:8)
  A wraith (D:9)
  A steam dragon (D:8)
  4 yaks
  A warg (Orc:2)
  2 water moccasins (D:6)
  Duvessa (D:3)
  13 orc warriors
  3 sky beasts (D:7)
  2 black bears
  An ice beast (D:8)
  2 ogres
  4 centaurs
  A phantom (D:5)
  4 lemures (D:4)
  A kobold brigand (D:8)
  Blork the orc (D:4)
  A necrophage (D:5)
  A scorpion (D:7)
  3 gnoll sergeants
  6 wights
  Dowan (D:4)
  7 killer bees (D:8)
  7 crimson imps (D:7)
  17 orc priests
  A jelly (D:8)
  A gnoll bouda (D:7)
  2 hounds
  15 orc wizards
  6 iguanas
  7 adders
  20 gnolls
  3 shadow imps
  3 white imps
  2 ufetubi
  2 worms (D:2)
  3 dart slugs
  56 orcs
  7 bats
  5 endoplasms
  2 giant cockroaches
  4 goblins
  7 hobgoblins
  3 jackals (D:1)
  3 quokkas
  7 ball pythons
  3 frilled lizards
  17 kobolds
  5 rats
278 creatures vanquished.

Vanquished Creatures (collateral kills)
  An orc warrior (Orc:2)
  An ogre (D:5)
  4 wights
  An orc wizard (D:9)
  An adder (D:6)
  A gnoll (D:6)
  A kobold (D:4)
10 creatures vanquished.

Vanquished Creatures (others)
  6 dancing weapons
  A giant cockroach (D:1)
  16 plants
23 creatures vanquished.

Grand Total: 311 creatures vanquished

Notes
Turn   | Place    | Note
-------+----------+-------------------------------------------
     0 | D:1      | zeram the Spriggan Enchanter began the quest for the Orb.
     0 | D:1      | Reached XP level 1. HP: 9/9 MP: 5/5
   142 | D:1      | Found a faded altar of an unknown god.
   160 | D:1      | Reached XP level 2. HP: 13/13 MP: 6/6
   574 | D:1      | Reached skill level 5 in Stealth
   587 | D:1      | Learned a level 2 spell: Ensorcelled Hibernation
  1445 | D:2      | Reached XP level 3. HP: 16/16 MP: 8/8
  2146 | D:2      | Found Widon's Jewellery Shoppe.
  2335 | D:2      | Found an opulent altar of Gozag.
  2386 | D:2      | Became a worshipper of Gozag Ym Sagoz the Greedy
  2706 | D:3      | Reached XP level 4. HP: 21/21 MP: 9/9
  2710 | D:3      | Learned a level 3 spell: Tukima's Dance
  2809 | D:3      | Found an opulent altar of Gozag.
  2975 | D:3      | You fall into a shaft and drop 3 floors!
  2997 | D:6      | Reached skill level 6 in Stealth
  3071 | D:6      | Reached XP level 5. HP: 24/24 MP: 10/10
  3118 | D:5      | Entered Level 5 of the Dungeon
  3150 | D:5      | Found a staircase to the Ecumenical Temple.
  3247 | D:5      | Reached skill level 7 in Stealth
  3269 | D:5      | Noticed a centaur
  3277 | D:5      | HP: 1/24 [centaur/arrow (10)]
  3284 | D:5      | Killed a centaur
  3285 | D:5      | Reached XP level 6. HP: 5/28 MP: 4/12
  3732 | D:4      | Reached skill level 1 in Ice Magic
  3748 | D:4      | Found Afriqaxo's General Store.
  3793 | D:4      | Noticed Blork the orc
  3802 | D:4      | Killed Blork the orc
  3888 | D:4      | Noticed Pikel
  3897 | D:4      | Killed Pikel
  3898 | D:4      | Reached skill level 9 in Stealth
  3898 | D:4      | Reached skill level 5 in Hexes
  3898 | D:4      | Reached XP level 7. HP: 17/32 MP: 2/15
  4208 | D:4      | Found a transporter.
  4238 | D:4      | Noticed Duvessa
  4243 | D:4      | Noticed Dowan
  4247 | D:4      | Killed Dowan
  5210 | D:4      | Found a transporter.
  5215 | D:4      | Noticed SirLogeyBear's ghost (novice HOBe)
  6432 | D:5      | Reached skill level 5 in Spellcasting
  6432 | D:5      | Reached XP level 8. HP: 26/36 MP: 13/16
  6715 | D:5      | Reached skill level 5 in Dodging
  6715 | D:5      | Reached skill level 10 in Stealth
  6764 | D:5      | Reached skill level 1 in Evocations
  7235 | D:2      | Bought an amulet of reflection for 300 gold pieces
  7654 | D:3      | Killed Duvessa
  8027 | D:5      | Found Ceaqejiw's Assorted Antiques.
  8033 | D:5      | Bought a scroll labelled HEFAKH DYCOEL for 28 gold pieces
  8033 | D:5      | Bought a scroll labelled YTIOKHOJYE for 28 gold pieces
  8033 | D:5      | Bought a scroll of identify for 56 gold pieces
  8546 | D:6      | Reached skill level 5 in Short Blades
  8546 | D:6      | Reached skill level 11 in Stealth
  8546 | D:6      | Reached XP level 9. HP: 39/39 MP: 12/20
  9524 | D:7      | Reached skill level 12 in Stealth
  9841 | D:7      | Found a glowing silver altar of Zin.
 10826 | D:7      | Found a glowing golden altar of the Shining One.
 10895 | D:7      | Noticed Joseph
 10899 | D:7      | Killed Joseph
 10900 | D:7      | Reached XP level 10. HP: 44/44 MP: 23/23
 11197 | D:7      | Found a stormy altar of Qazlal.
 11238 | D:8      | Reached skill level 13 in Stealth
 11740 | D:8      | Noticed Erica
 11748 | D:8      | Killed Erica
 11749 | D:8      | Reached skill level 14 in Stealth
 13104 | D:9      | Found a sacrificial altar of Ru.
 13105 | D:9      | Found an ancient bone altar of Kikubaaqudgha.
 13234 | D:9      | Found a staircase to the Orcish Mines.
 13257 | D:9      | Reached XP level 11. HP: 29/47 MP: 22/25
 14622 | D:9      | Reached skill level 15 in Stealth
 14970 | Orc:1    | Entered Level 1 of the Orcish Mines
 14975 | Orc:1    | Learned a level 3 spell: Vampiric Draining
 15184 | Orc:2    | Entered Level 2 of the Orcish Mines
 15267 | Orc:2    | Found a staircase to the Elven Halls.
 15941 | Orc:2    | Found Uniofiny's Assorted Antiques.
 16175 | Orc:2    | Shot with a bolt by an orc warrior

Illustrated notes

Levels and vault maps discovered:
D:1:      lemuel_arrival_funnel, layout_basic,
          shapermc_ecumenical_altar_starsandcircs
D:2:      layout_rooms, serial_shops, nicolae_shop_trees, basic_altar
D:3:      layout_loops_ring, mainiacjoe_overflow_boulevard,
          minmay_misc_feat_more_columns, lexackson_kobold_supper
D:4:      layout_cave_pools, serial_shops, shop, gammafunk_ghost_mausoleum,
          uniq_blork_the_orc, uniq_pikel, uniq_duvessa
D:5:      layout_loops_cross, minmay_temple_entry_glass, serial_shops, shop,
          roderic_st_hans_cross
D:6:      layout_gridville, portal_sewer_entry_e, hangedman_decor_riveting
D:7:      layout_basic, mainiacjoe_overflow_alcove_2, lemuel_crystal_altar,
          nicolae_qazlal_eye_of_the_storm, minmay_nine_imps, uniq_joseph
D:8:      layout_cave_pools, nicolae_looking_at_the_future, uniq_erica
D:9:      layout_basic, gammafunk_temple_overflow_statue, david_orc_5
Orc:1:    layout_diamond_mine, serial_shops, nicolae_diamond_shop, mines1_david
Orc:2:    grunt_orc_community_town_hall, layout_caves,
          grunt_orc_community_big_house_1, grunt_orc_community_big_house_1,
          grunt_orc_community_house_3, grunt_orc_community_house_2,
          grunt_orc_community_house_2, grunt_orc_community_house_2,
          grunt_orc_community_house_1, lightli_orcish_oven

Skill      XL: |  1  2  3  4  5  6  7  8  9 10 11 |
---------------+----------------------------------+-----
Hexes          | 4 5 6 7 9 |  9.5
Spellcasting   | 3 4 5 6 8 9 |  9.8
Stealth        | 5 6 7 9 11 12 14 15 | 15.5
Dodging        | 3 4 5 6 7 |  7.4
Short Blades   | 2 3 4 5 6 |  6.9
Ice Magic      | 1 2 3 4 |  4.6
Evocations     | 1 |  1.4
Shields        | |  0.1

Action                   |  1- 3 |  4- 6 |  7- 9 | 10-12 || total
-------------------------+-------+-------+-------+-------++-------
Melee: Dagger            |   143 |    57 |   452 |   232 ||   884
       Punch             |     1 |       |    10 |     5 ||    16
 Cast: Ensorcelled Hiber |    10 |    23 |    63 |   132 ||   228
       Tukima's Dance    |       |     1 |    22 |     6 ||    29
Evoke: Wand              |       |       |     7 |       ||     7
  Use: Scroll            |       |     7 |    17 |     6 ||    30
       Potion            |       |     3 |     6 |       ||     9
 Stab: Sleeping          |    16 |    20 |    55 |    95 ||   186
       Distracted        |     1 |       |     6 |     4 ||    11
       Invisible         |       |     1 |       |       ||     1
Armor: Robe              |    22 |     8 |    38 |    14 ||    82
Dodge: Dodged            |   156 |    52 |   295 |   223 ||   726
Block: Other             |       |       |    54 |    44 ||    98
